 Seeded DCSS version 0.29.1-15-g9cfb28693d (webtiles) character file.

Game seed: 6279725465790686602 (custom seed)

8029 bmack86 the Cleaver (level 11, -4/151 HPs)
             Began as a Minotaur Fighter on Apr 20, 2023.
             Was an Elder of Okawaru.
             Slain by a skeletal warrior
             ... wielding a +1 battleaxe of freezing
              (23 damage)
             ... on level 9 of the Dungeon.
             The game lasted 00:20:26 (7613 turns).

bmack86 the Cleaver (Minotaur Fighter)              Turns: 7613, Time: 00:20:27

Health: -4/151     AC: 18    Str: 26    XL:     11   Next: 4%
Magic:  13/13      EV:  7    Int: 11    God:    Okawaru [****..]
Gold:   49         SH:  0    Dex:  9    Spells: 10/10 levels left

rFire   . . .      SeeInvis .   a - +1 war axe
rCold   . . .      Faith    .   A - +2 kite shield
rNeg    . . .      Spirit   .   m - +0 chain mail
rPois   .          Reflect  .   u - +2 hat
rElec   .          Harm     .   (no cloak)
rCorr   .          Rampage  +   f - +0 pair of gloves
Will    .....                   D - +2 pair of boots {rampage}
Stlth   ..........              z - amulet of regeneration
HPRegen 1.15/turn               b - +6 ring of intelligence
MPRegen 0.13/turn               (no ring)

@: confused, mighty, berserking, very quick
A: horns 2, retaliatory headbutt
a: Renounce Religion, Heroism, Finesse


You were on level 9 of the Dungeon.
You worshipped Okawaru.
Okawaru was greatly pleased with you.
You visited 2 branches of the dungeon, and saw 10 of its levels.

You collected 505 gold pieces.
You spent 456 gold pieces at shops.

Inventory:

Hand Weapons
 a - a +1 war axe (weapon)
Missiles
 g - a boomerang (quivered)
 j - 6 javelins
 v - 3 curare-tipped darts
 x - 25 poisoned darts
 B - a throwing net
Armour
 c - a +0 buckler
 f - a +0 pair of gloves (worn)
 m - a +0 chain mail (worn)
 u - a +2 hat (worn)
 A - a +2 kite shield (worn)
 D - a +2 pair of boots of rampaging (worn)
Jewellery
 b - a +6 ring of intelligence (left hand)
 r - a ring of fire
 z - an amulet of regeneration (around neck)
Wands
 o - a wand of flame (21)
 q - a wand of paralysis (20)
 E - a wand of iceblast (7)
 G - a wand of polymorph (13)
Scrolls
 i - a scroll of silence
 p - a scroll of amnesia {unknown}
 s - 2 scrolls of enchant weapon
 y - 4 scrolls of teleportation
 C - a scroll of fear
Potions
 d - 2 potions of might
 e - a potion of brilliance
 h - 3 potions of curing
 k - 2 potions of heal wounds
 l - 2 potions of invisibility
 t - a potion of magic {unknown}
 w - 3 potions of flight {unknown}
 F - 2 potions of cancellation {unknown}
 H - a potion of haste {unknown}


   Skills:
 + Level 10.6 Fighting
 * Level 12.4 Axes
 + Level 4.2 Throwing
 + Level 10.5 Armour
 + Level 10.6 Shields
 + Level 4.1 Invocations


You had 10 spell levels left.
You didn't know any spells.
Your spell library contained the following spells:

 Spells                   Type           Power      Damage    Failure   Level
 Borgnjor's Vile Clutch   Necr/Erth      0%         N/A       100%        5
 Animate Dead             Necr           Unusable   N/A       N/A         4
 Death Channel            Necr           Unusable   N/A       N/A         6

Dungeon Overview and Level Annotations

Branches:
Dungeon (9/15)             Temple (1/1) D:4            Lair (0/5) D:8
    Orc: D:9-12

Altars:
Ashenzari
Cheibriados
Dithmenos
Elyvilon
Fedhas
Gozag
Hepliaklqana
Kikubaaqudgha
Nemelex Xobeh
Okawaru
Qazlal
Ru
Sif Muna
Trog
Uskayaw
Vehumet
Wu Jian
Xom
Zin
The Shining One

Shops:
D:1 [   D:3 *


Innate Abilities, Weirdness & Mutations

You have a pair of horns on your head.
You reflexively headbutt those who attack you in melee.


Message History

A golden eye comes into view.
You hit the skeletal warrior but do no damage.
You headbutt the skeletal warrior!
The skeletal warrior is heavily damaged.
The golden eye blinks at you.
You are confused.
The skeletal warrior hits you but does no damage.
You bump into the rock wall.
The skeletal warrior hits you with a +1 battleaxe of freezing.
The skeletal warrior freezes you.
You bump into the rock wall.
The skeletal warrior hits you with a +1 battleaxe of freezing!
The skeletal warrior freezes you!
* * * LOW HITPOINT WARNING * * *
The golden eye blinks at you.
You are more confused.
You are too confused!
You feel much better. The golden eye blinks at you.
You easily resist.
The skeletal warrior hits you with a +1 battleaxe of freezing!!
* * * LOW HITPOINT WARNING * * *
The skeletal warrior freezes you.
* * * LOW HITPOINT WARNING * * *
A red film seems to cover your vision as you go berserk!
You feel yourself moving faster!
You feel mighty!
The golden eye blinks!
The skeletal warrior hits you with a +1 battleaxe of freezing.
* * * LOW HITPOINT WARNING * * *
The skeletal warrior freezes you.
* * * LOW HITPOINT WARNING * * *
You feel a strong urge to attack something.
The skeletal warrior hits you with a +1 battleaxe of freezing!!
* * * LOW HITPOINT WARNING * * *
The skeletal warrior freezes you.
* * * LOW HITPOINT WARNING * * *
You hit the skeletal warrior.
Your headbutt misses the skeletal warrior.
The skeletal warrior is severely damaged.
The skeletal warrior hits you with a +1 battleaxe of freezing!!
You die...

.........##..##
.........##...#
#.....#).#.##
#.))......#
##.)###.#.##
#.#..##.#..#
..#.#.##.##.##
#....#
.##.##..# #
....._
.##.###@#ยง#.#
##... .##.#
#.z...# #...
.##.# ###..##
... .##.# ...#
#.# .# #


You could see a skeletal warrior.

Vanquished Creatures
  Gastronok (D:8)
  2 two-headed ogres
  A manticore (D:9)
  An ugly thing (D:9)
  A cyclops (D:9)
  Joseph (D:7)
  Maggie (D:6)
  Grinder (D:3)
  A steam dragon (D:7)
  2 water moccasins
  2 orc warriors
  A sky beast (D:7)
  A black bear (D:5)
  2 ice beasts
  4 centaurs
  A phantom (D:5)
  2 kobold brigands
  3 bullfrogs
  A necrophage (D:8)
  5 scorpions
  8 wights
  An electric eel (D:8)
  2 howler monkeys
  A lava snake (D:8)
  2 hounds
  A jelly (D:6)
  2 orc priests (D:6)
  4 gnoll boudas
  7 iguanas
  8 orc wizards
  4 adders
  12 gnolls
  2 shadow imps
  2 white imps (D:7)
  An ufetubus (D:6)
  3 worms
  3 dart slugs
  23 orcs
  8 endoplasms
  3 giant cockroaches
  11 goblins
  11 hobgoblins
  4 jackals (D:3)
  7 quokkas
  5 ball pythons
  7 bats
  4 frilled lizards
  6 kobolds
  A rat (D:3)
187 creatures vanquished.

Vanquished Creatures (others)
  4 plants
4 creatures vanquished.

Grand Total: 191 creatures vanquished

Notes
Turn   | Place    | Note
-------+----------+-------------------------------------------
     0 | D:1      | bmack86 the Minotaur Fighter began the quest for the Orb.
     0 | D:1      | Reached XP level 1. HP: 19/19 MP: 0/0
   159 | D:1      | Found Yzuitol's Armour Boutique.
   224 | D:1      | Reached XP level 2. HP: 27/27 MP: 1/1
   269 | D:1      | Reached skill level 7 in Axes
   269 | D:1      | Reached XP level 3. HP: 37/37 MP: 2/2
   589 | D:1      | Found a faded altar of an unknown god.
   967 | D:2      | Reached XP level 4. HP: 43/44 MP: 3/3
  1587 | D:3      | Found a shadowy altar of Dithmenos.
  1627 | D:3      | Found a blossoming altar of Fedhas.
  1627 | D:3      | Found a stormy altar of Qazlal.
  1628 | D:3      | Noticed Grinder
  1637 | D:3      | Paralysed by Grinder for 2 turns
  1643 | D:3      | Killed Grinder
  1644 | D:3      | Reached skill level 1 in Throwing
  1644 | D:3      | Reached XP level 5. HP: 33/51 MP: 4/4
  1644 | D:3      | Reached XP level 6. HP: 38/58 MP: 5/5
  1810 | D:3      | Found Zin's Purification Station.
  1813 | D:3      | Found a glowing silver altar of Zin.
  2171 | D:3      | Reached skill level 8 in Axes
  2248 | D:3      | Found a shimmering altar of Xom.
  2866 | D:4      | Found a staircase to the Ecumenical Temple.
  2875 | Temple   | Entered the Ecumenical Temple
  2894 | Temple   | Became a worshipper of Warmaster Okawaru
  2963 | D:4      | Noticed a water moccasin
  2972 | D:4      | Killed a water moccasin
  3381 | D:4      | Reached skill level 1 in Invocations
  3388 | D:4      | Reached XP level 7. HP: 49/64 MP: 6/6
  3411 | D:4      | Reached skill level 10 in Axes
  3411 | D:4      | Reached XP level 8. HP: 78/78 MP: 7/7
  3902 | D:5      | Entered Level 5 of the Dungeon
  4800 | D:6      | Reached * piety under Okawaru
  4851 | D:6      | Reached skill level 11 in Axes
  4851 | D:6      | Reached XP level 9. HP: 56/84 MP: 7/9
  4987 | D:6      | Noticed Maggie
  5000 | D:6      | Killed Maggie
  5000 | D:6      | Reached ** piety under Okawaru
  5303 | D:7      | Reached skill level 10 in Shields
  5511 | D:7      | Reached skill level 10 in Fighting
  5590 | D:7      | Noticed Joseph
  5603 | D:7      | Killed Joseph
  5604 | D:7      | Reached skill level 10 in Armour
  5967 | D:7      | Found a hide-covered altar of Uskayaw.
  6088 | D:7      | Reached XP level 10. HP: 93/93 MP: 11/11
  6148 | D:7      | Found a white marble altar of Elyvilon.
  6148 | D:7      | Found an ancient bone altar of Kikubaaqudgha.
  6260 | D:8      | Found a staircase to the Lair.
  6330 | D:8      | Noticed Gastronok
  6351 | D:8      | Killed Gastronok
  6351 | D:8      | Reached *** piety under Okawaru
  6532 | D:1      | Bought a +2 kite shield for 198 gold pieces
  6532 | D:1      | Bought a +2 pair of boots of rampaging for 258 gold pieces
  6960 | D:8      | Noticed a two-headed ogre
  6967 | D:8      | Killed a two-headed ogre
  6968 | D:8      | Reached skill level 12 in Axes
  7239 | D:8      | Found a broken altar of Ashenzari.
  7464 | D:9      | Found a snail-covered altar of Cheibriados.
  7487 | D:9      | Noticed a cyclops
  7489 | D:9      | Noticed a two-headed ogre
  7489 | D:9      | Noticed a manticore
  7507 | D:9      | Killed a two-headed ogre
  7516 | D:9      | Killed a cyclops
  7516 | D:9      | Reached **** piety under Okawaru
  7521 | D:9      | Killed a manticore
  7525 | D:9      | Found a stormy altar of Qazlal.
  7582 | D:9      | Noticed a brown ugly thing
  7594 | D:9      | Noticed a skeletal warrior
  7601 | D:9      | Killed a brown ugly thing
  7602 | D:9      | Reached XP level 11. HP: 82/101 MP: 11/13
  7613 | D:9      | Slain by a skeletal warrior

Illustrated notes

Levels and vault maps discovered:
D:1:      tarquinn_simple_flora_water_d, layout_basic,
          ebering_ecumenical_altar_abandoned, serial_shops, nicolae_shop_crystal
D:2:      minmay_spotlight, layout_loops_ring, st_stairs_10, corexii_shack,
          grunt_decor_junction
D:3:      layout_basic, grunt_temple_overflow_forces_of_nature,
          nicolae_dithmenos_shadow_blocks, xom_teletrap_fun, zin_purify,
          roderic_serpentine_path, minivault_14, minmay_misc_feat_more_columns,
          minivault_23, kennysheep_nub, uniq_grinder
D:4:      layout_layer_cave, temple_fountains, hangedman_decor_push,
          feat_on_display
D:5:      layout_basic, corexii_hall_statues_x
D:6:      layout_rooms, uniq_maggie
D:7:      layout_basic, pf_just_have_faith, mainiacjoe_overflow_divided_tiny,
          nicolae_benzene_ring, st_stairs_8, serial_park_tiny_2,
          dreamdust_princess_corridor, uniq_joseph
D:8:      layout_basic, mainiacjoe_overflow_alcove_4, dpeg_oklobed_lair,
          nicolae_lava_and_water, uniq_gastronok
D:9:      minmay_the_grid_triangle_9x9_recursive_2_mashed
          [minmay_the_grid_triangle_9x9_prize_center,
          minmay_the_grid_triangle_9x9_intruding_spiral,
          minmay_the_grid_triangle_9x9_minimal,
          minmay_the_grid_triangle_9x9_stretched_checkered], layout_basic,
          cheibriados_altar_1, orc_david_3, minmay_ruined_shrine, uniq_grum
Temple:   nicolae_temple_x_marks_the_god

Skill      XL: |  1  2  3  4  5  6  7  8  9 10 |
---------------+-------------------------------+-----
Fighting       | 6 9 10 | 10.6
Axes           | 7 8 10 11 12 | 12.4
Armour         | 6 9 10 | 10.5
Shields        | 6 9 10 | 10.6
Throwing       | 1 2 3 4 |  4.2
Invocations    | 1 2 4 |  4.1

Action                   |  1- 3 |  4- 6 |  7- 9 | 10-12 || total
-------------------------+-------+-------+-------+-------++-------
Melee: War axe           |    62 |    96 |   181 |   113 ||   452
       Headbutt          |     6 |    14 |    35 |    18 ||    73
Throw: Boomerang         |    16 |    10 |    12 |    10 ||    48
Invok: Heroism           |       |       |     4 |     4 ||     8
  Use: Potion            |     1 |       |     2 |     4 ||     7
       Scroll            |       |     4 |    14 |       ||    18
Armor: Scale mail        |    18 |       |       |       ||    18
       Chain mail        |    11 |    74 |   110 |    47 ||   242
Dodge: Dodged            |    28 |    43 |    77 |    16 ||   164
Block: Buckler           |    14 |    32 |    62 |     6 ||   114
       Kite shield       |       |       |       |    43 ||    43
